 Seeded DCSS version 0.32-a0-485-g70f7560b1c (webtiles) character file.

Game seed: 13927572275297387510 (custom seed)

21004 Juicyj the Blocker (level 12, -4/115 HPs)
             Began as a Minotaur Fighter on Feb 23, 2024.
             Was a Follower of Ashenzari.
             Succumbed to an occultist's poison arrow
             ... on level 15 of the Dungeon on Feb 26, 2024.
             The game lasted 00:22:25 (9037 turns).

Juicyj the Blocker (Minotaur Fighter)               Turns: 9037, Time: 00:22:25

Health: -4/115     AC: 18    Str: 31    XL:     12   Next: 50%
Magic:  11/11      EV: 12    Int:  5    God:    Ashenzari [*.....]
Gold:   1547       SH: 11    Dex: 17    Spells: 11/11 levels left

rFire   x . .        a - +1 war axe
rCold   + . .        k - +3 warlock's mirror {omnireflect}
rNeg    + . .        I - +0 plate armour
rPois   .            (helmet restricted)
rElec   .            (no cloak)
rCorr   .            (no gloves)
SInv    +            i - +2 pair of slick slippers {slick, slippery, EV+4}
Will    +....        l - amulet of Supernal Knowledge {Regen+, Bglg, Fort} (curse) Stlth
                     o - ring "Oracular Soothsayer" {Ice rN+ Will+ Dex+6 SInv, Dev, Cun} (curse)
HPRegen 1.19/turn    M - +6 ring of strength
MPRegen 0.12/turn

%: reflection
@: lethally poisoned (-4 -> -28)
A: horns 2, retaliatory headbutt
a: Renounce Religion, Curse Item, Shatter the Chains


You were on level 15 of the Dungeon.
You worshipped Ashenzari.
Ashenzari was aware of your devotion.
You visited 2 branches of the dungeon, and saw 14 of its levels.

You collected 1872 gold pieces.
You spent 325 gold pieces at shops.

Inventory:

Hand Weapons
 a - a +1 war axe (weapon)
Missiles
 E - 6 throwing nets (quivered)
Armour
 b - a +0 scale mail
 c - a +0 buckler
 i - the +2 pair of slick slippers (worn) {slick, slippery, EV+4}
   (You acquired it on level 1 of the Dungeon)

   Slick:     Its wearer cannot be constricted, engulfed, netted, webbed, or
   stopped by binding sigils.
   Slippery:  Its wearer slips away from damaging melee attacks, pulling the
   attacker onward.
   EV+4:      It affects your evasion (+4).
 k - the +3 warlock's mirror (worn) {omnireflect}
   (You acquired it on level 1 of the Dungeon)

   Omnireflect: It can block and reflect piercing ranged attacks and magical
   attacks against the wielder's willpower.
 I - a +0 plate armour (worn)
Jewellery
 l - the cursed amulet of Supernal Knowledge (around neck) {Regen+, Bglg, Fort}
   (You acquired it on level 1 of the Dungeon)

   [amulet of regeneration]

   Regen+:    It increases your rate of health regeneration.
   It has a curse which improves the following skills: Beguiling: Hexes and
   Translocations.
   Fortitude: Armour and Shields.
 m - a ring of wizardry
 o - the cursed ring "Oracular Soothsayer" (left hand) {Ice rN+ Will+ Dex+6 SInv, Dev, Cun}
   (You acquired it on level 2 of the Dungeon)

   [ring of ice]

   Ice:       It enhances your ice magic.
   Dex+6:     It affects your dexterity (+6).
   rF-:       It makes you vulnerable to fire.
   rC+:       It protects you from cold.
   rN+:       It protects you from negative energy.
   Will+:     It increases your willpower.
   SInv:      It lets you see invisible.
   It has a curse which improves the following skills: Devices: Evocations and
   Shapeshifting.
   Cunning:   Dodging and Stealth.
 r - a +5 ring of evasion
 u - a +6 ring of dexterity
 y - a ring of ice
 C - a ring of protection from cold
 M - a +6 ring of strength (right hand)
Wands
 t - a wand of roots (2)
 x - a wand of acid (11)
 H - a wand of flame (29)
Scrolls
 n - 2 scrolls of amnesia
 w - 2 scrolls of immolation
 D - 5 scrolls of teleportation
 J - a scroll of vulnerability
 K - a scroll of revelation
 N - 2 scrolls of blinking
Potions
 d - a potion of might
 e - 5 potions of degeneration
 f - 6 potions of curing
 g - a potion of mutation
 h - 5 potions of brilliance
 j - 2 potions of attraction
 p - 2 potions of heal wounds
 q - a potion of berserk rage
 s - 2 potions of haste
 v - a potion of ambrosia
 z - 2 potions of resistance
 A - 2 potions of magic
 B - a potion of cancellation
 F - a potion of invisibility
 G - 2 potions of lignification
Miscellaneous
 L - a phial of floods


   Skills:
 + Level 13.1 Fighting
 + Level 12.7 Axes
 + Level 13.1(13.8) Armour
 + Level 13.1(13.8) Shields


You had 11 spell levels left.
You didn't know any spells.
Your spell library contained the following spells:

 Spells                   Type           Power      Damage    Failure   Level
 Freeze                   Ice            0%         1d3       97%         1
 Ensorcelled Hibernation  Hex/Ice        0%         N/A       99%         2
 Frozen Ramparts          Ice            0%         1d1       100%        3
 Hailstorm                Conj/Ice       0%         3d5       100%        3
 Passwall                 Erth           0%         N/A       100%        3
 Swiftness                Air            0%         N/A       100%        3
 Tukima's Dance           Hex            0%         N/A       100%        3
 Dimensional Bullseye     Hex/Tloc       0%         N/A       100%        4
 Iskenderun's Mystic Bla  Conj/Tloc      0%         2d3       100%        4
 Olgreb's Toxic Radiance  Alch           0%         N/A       100%        4
 Ozocubu's Refrigeration  Ice            0%         4d7       100%        7
 Discord                  Hex            0%         N/A       100%        8


Dungeon Overview and Level Annotations

Branches:
Dungeon (12/15)            Temple (1/1) D:4            Lair (0/5) D:8
    Orc: D:9-12

Altars:
Ashenzari
Cheibriados
Dithmenos
Elyvilon
Fedhas
Gozag
Hepliaklqana
Kikubaaqudgha
Makhleb
Nemelex Xobeh
Okawaru
Qazlal
Ru
Sif Muna
Trog
Uskayaw
Vehumet
Wu Jian
Xom
Yredelemnul
Zin
The Shining One

Shops:
D:3 *   D:5 (   D:11 !

Annotations:
D:12 1 runed translucent door, Xererra's ghost, novice FoDe


Innate Abilities, Weirdness & Mutations

You have a pair of horns on your head.
You reflexively headbutt those who attack you in melee.


Message History

Your +3 warlock's mirror {omnireflect} blocks the bolt of lightning... and reflects it back!
The bolt of lightning hits the occultist!!
You kill the occultist!
The bolt of lightning hits the deep elf zephyrmancer!! x2
You kill the deep elf zephyrmancer!
The bolt of lightning misses you.
You hear a shout!
There is an open door here.
You feel extremely sick.
The meliai invokes the aid of its god against you.
Something smites you!
The occultist wildly gestures.
The occultist's hands start to glow.
The occultist casts a spell.
The occultist flickers and vanishes for a moment.
You close the door.
You feel extremely sick.
A deep elf pyromancer breaks down the door.
A meliai comes into view. It is wielding a +0 hand axe.
You feel very sick.
The meliai buzzes angrily.
The meliai hits you with a +0 hand axe.
You slip backwards!
You block the meliai's attack. x2
The deep elf pyromancer casts a spell.
You miss the meliai. You slash the meliai!
You feel very sick. The meliai hits you but does no damage.
The meliai stings you.
The meliai calls down the wrath of its god upon you.
Something smites you! The meliai barely misses you.
You block the meliai's attack. The meliai hits you with a +0 hand axe.
The meliai stings you! The meliai hits you with a +0 hand axe.
You slip backwards!
The meliai calls upon its god to heal the meliai.
The meliai is healed somewhat.
The occultist points at you and mumbles some strange words.
The poison arrow hits you!!
You are more poisoned.
* * * LOW HITPOINT WARNING * * *
You barely miss the meliai. You barely miss the fire elemental.
You die...

......#........~......#
......#.......~.......#
.....)######'#~.......#
....................###
.......#######......#
......## ß..##.....#
.....## ...##..###
.....# #E.#..# #....#
#..#@.####### #....#
#e○Ey.......# #....#
#.p#.y......# #....#
#.$#........# #....#
...##........# #.....
ß..# .........# #.....^
#### ..........#
#...... ...y......#
#....... ...........#


You could see an occultist (invisible), a deep elf pyromancer, a fire elemental
(summoned) and 3 meliai.

Vanquished Creatures
  A catoblepas (D:15)
  A centaur warrior (D:15)
  2 two-headed ogres
  An occultist (D:15)
  4 skeletal warriors (D:11)
  An ugly thing (D:9)
  A deep elf pyromancer (D:12)
  A deep elf zephyrmancer (D:15)
  2 cyclopes (D:9)
  2 manticores (D:12)
  A gargoyle (D:12)
  A kobold demonologist (D:11)
  4 komodo dragons
  6 trolls
  2 polar bears (D:9)
  2 hornets
  Sigmund (D:2)
  2 wyverns (D:8)
  2 shadows
  12 yaks
  A vampire (D:9)
  Eustachio (D:5)
  2 unseen horror simulacra (D:9)
  5 vampire mosquitoes (D:9)
  An acid dragon (D:9)
  2 water moccasins
  4 ice beasts (D:9)
  5 sky beasts
  2 black bears
  3 orc warriors (D:10)
  2 wolves (D:9)
  9 centaurs
  4 phantoms
  3 kobold brigands
  2 bullfrogs
  3 gnoll sergeants
  A scorpion (D:5)
  5 wights (D:9)
  14 killer bees
  7 electric eels
  3 howler monkeys
  6 bombardier beetles
  2 hounds (D:5)
  6 orc priests
  Crazy Yiuf (D:3)
  2 jellies
  7 iguanas
  3 sleepcaps
  2 gnoll boudas (D:7)
  Natasha (thrice) (D:3)
  12 orc wizards
  A centaur simulacrum (D:9)
  Robin (D:3)
  23 gnolls
  10 adders
  A shadow imp (D:7)
  6 white imps
  4 ufetubi
  A dart slug (D:1)
  2 ribbon worms
  26 orcs
  10 endoplasms
  3 giant cockroaches
  14 goblins
  9 hobgoblins
  2 jackals (D:1)
  21 kobolds
  8 quokkas
  7 ball pythons
  4 bats
  6 frilled lizards
  5 rats
336 creatures vanquished.

Vanquished Creatures (others)
  An orc wizard (D:7)
  A white imp (D:9)
  A goblin (D:3)
3 creatures vanquished.

Grand Total: 339 creatures vanquished

Notes
Turn   | Place    | Note
-------+----------+-------------------------------------------
     0 | D:1      | Juicyj the Minotaur Fighter began the quest for the Orb.
     0 | D:1      | Reached XP level 1. HP: 19/19 MP: 0/0
    73 | D:1      | Reached XP level 2. HP: 27/27 MP: 1/1
   331 | D:1      | Reached XP level 3. HP: 28/33 MP: 2/2
   623 | D:2      | Noticed Sigmund
   628 | D:1      | Identified 4 scrolls of acquirement
   628 | D:1      | Acquired the +3 warlock's mirror {omnireflect}
   628 | D:1      | Found the +3 warlock's mirror {omnireflect}
   640 | D:1      | Acquired an amulet of regeneration
   647 | D:1      | Acquired 1211 gold pieces
   649 | D:1      | Acquired the +2 pair of slick slippers {slick, slippery,
                  | EV+4}
   649 | D:1      | Found the +2 pair of slick slippers {slick, slippery, EV+4}
   656 | D:1      | Upgraded the game from 0.32-a0-450-g080537f31e to
                  | 0.32-a0-485-g70f7560b1c
   711 | D:2      | Killed Sigmund
   712 | D:2      | Reached XP level 4. HP: 41/41 MP: 3/3
   712 | D:2      | Reached XP level 5. HP: 47/47 MP: 4/4
   813 | D:2      | Reached skill level 5 in Fighting
   813 | D:2      | Reached skill level 5 in Armour
   813 | D:2      | Reached skill level 5 in Shields
  1458 | D:2      | Acquired the ring of Toevyuri {Ice rN+ Will+ Dex+6 SInv}
  1513 | D:3      | Reached XP level 6. HP: 54/56 MP: 5/5
  1527 | D:3      | Noticed Natasha
  1532 | D:3      | Killed Natasha
  1536 | D:3      | Found a broken altar of Ashenzari.
  1644 | D:3      | Identified the +4 quarterstaff of Guile {holy, *Slow rF+
                  | Int+5 Dex+3}
  1656 | D:3      | Found Teecsoh's General Store.
  1676 | D:3      | Bought a scroll of enchant weapon for 105 gold pieces
  1676 | D:3      | Bought a potion of berserk rage for 70 gold pieces
  1775 | D:3      | Noticed Robin
  1783 | D:3      | Killed Robin
  1806 | D:3      | Found a burning altar of Makhleb.
  1923 | D:3      | Noticed Natasha
  1933 | D:3      | Killed Natasha
  2003 | D:3      | Noticed Natasha
  2008 | D:3      | Killed Natasha
  2144 | D:3      | Found a runed translucent door.
  2145 | D:3      | Noticed Crazy Yiuf
  2155 | D:3      | Killed Crazy Yiuf
  2332 | D:4      | Found a bloodstained altar of Trog.
  2385 | D:4      | Found a staircase to the Ecumenical Temple.
  2409 | D:4      | Reached skill level 5 in Axes
  2409 | D:4      | Reached XP level 7. HP: 62/62 MP: 6/6
  2911 | D:5      | Entered Level 5 of the Dungeon
  2932 | D:5      | Reached XP level 8. HP: 70/71 MP: 7/7
  2934 | D:5      | Found Ulead's Weapon Shop.
  3070 | D:5      | Found a shimmering altar of Xom.
  3074 | D:5      | Noticed Eustachio
  3090 | D:5      | Killed Eustachio
  3326 | D:5      | Found a basalt altar of Yredelemnul.
  3366 | D:5      | Found an iron altar of Okawaru.
  3664 | D:6      | Reached XP level 9. HP: 72/81 MP: 8/8
  4441 | D:7      | Found a blossoming altar of Fedhas.
  4940 | D:8      | Reached XP level 10. HP: 56/91 MP: 9/9
  5033 | D:8      | Noticed a two-headed ogre
  5043 | D:8      | Killed a two-headed ogre
  5358 | D:8      | Reached skill level 10 in Fighting
  5407 | D:8      | Found a staircase to the Lair.
  5430 | D:8      | Reached skill level 10 in Armour
  5430 | D:8      | Reached skill level 10 in Shields
  5897 | Temple   | Entered the Ecumenical Temple
  5950 | D:3      | Became a worshipper of Ashenzari the Shackled
  6117 | D:9      | Reached skill level 10 in Axes
  6276 | D:9      | Reached XP level 11. HP: 64/101 MP: 10/10
  6605 | D:9      | Found a large runed translucent door.
  6605 | D:9      | Noticed a brown ugly thing
  6707 | D:9      | Found a large runed translucent door.
  6782 | D:9      | Found a large runed translucent door.
  6783 | D:9      | Found a large runed translucent door.
  6806 | D:9      | Noticed a two-headed ogre
  6813 | D:9      | Killed a two-headed ogre
  7048 | D:9      | Killed a brown ugly thing
  7144 | D:10     | Entered Level 10 of the Dungeon
  7171 | D:10     | Reached * piety under Ashenzari
  7345 | D:10     | Found a radiant altar of Vehumet.
  7501 | D:10     | Found a shadowy altar of Dithmenos.
  7501 | D:10     | Found a glowing golden altar of the Shining One.
  7881 | D:11     | Found Soggitox's Distillery.
  7890 | D:11     | Bought a potion of heal wounds for 75 gold pieces
  7890 | D:11     | Bought a potion of heal wounds for 75 gold pieces
  7900 | D:11     | Noticed a skeletal warrior
  7901 | D:11     | Noticed a skeletal warrior
  7902 | D:11     | Noticed a skeletal warrior
  7914 | D:11     | Noticed a skeletal warrior
  7916 | D:11     | Killed a skeletal warrior
  8160 | D:11     | Killed a skeletal warrior
  8238 | D:11     | Killed a skeletal warrior
  8239 | D:11     | Reached XP level 12. HP: 73/113 MP: 11/11
  8658 | D:12     | Found a runed translucent door.
  8658 | D:12     | Found a shimmering altar of Xom.
  8658 | D:12     | Noticed Xererra's ghost (novice FoDe)
  8658 | D:12     | Identified the +1 leather armour "Voguesh" {rElec Str-4
                  | Dex+6}
  8957 | D:12     | You fall into a shaft and drop 3 floors!
  8957 | D:15     | Entered Level 15 of the Dungeon
  8966 | D:15     | Noticed a centaur warrior
  8973 | D:15     | Killed a centaur warrior
  8985 | D:15     | Noticed a catoblepas
  9008 | D:15     | Killed a catoblepas
  9036 | D:15     | HP: 2/115 [occultist/poison arrow (35)]
  9037 | D:15     | Succumbed to an occultist's poison arrow

Illustrated notes

Levels and vault maps discovered:
D:1:      onia_arrival_mini_spirals, layout_rooms, chequers_mini_garden,
          minmay_pentomino_x2
D:2:      layout_basic, uniq_sigmund
D:3:      minmay_spotlight, layout_rooms, lemuel_round_altar,
          mainiacjoe_overflow_tiny_flanked, serial_shops, shop, serial_bayou,
          serial_bayou_pond_c, serial_bayou_lagoon_a, serial_bayou_pond_e,
          serial_bayou_ford_a, serial_bayou_pond_a, serial_bayou_pond_e,
          uniq_natasha, uniq_robin, uniq_crazy_yiuf_cottage
D:4:      layout_rooms, lemuel_crystal_altar, temple_pool_b
D:5:      layout_cave_pools, hellmonk_okawaru_the_only_friend_you_need,
          lemuel_doored_altar, yredelemnul_altar_generic, serial_shops,
          nicolae_diamond_shop, guppyfry_early_lair_pool, uniq_eustachio
D:6:      layout_rooms
D:7:      layout_loops_ring, lemuel_crystal_altar, reono_crystal_passage
D:8:      layout_loops_ring, david_lair_shrubbed, st_stairs_9,
          chequers_big_river, nicolae_figureground_pulse
D:9:      layout_irregular_city, serial_ice, serial_ice_i, serial_ice_e,
          serial_ice_m, serial_ice_b, serial_ice_a, serial_ice_n, serial_ice_f,
          serial_ice_c, minmay_hollow_rounded_squares
D:10:     layout_long_grid, vehumet_altar_wand_db, grunt_temple_overflow_open,
          serial_glass, glass_columns_a, glass_columns_b, glass_columns_b,
          glass_columns_a, glass_columns_a, glass_columns_c, glass_columns_a,
          glass_columns_a, chequers_avenue
D:11:     layout_basic, serial_shops, nicolae_shop_trees
D:12:     layout_irregular_city, kennysheep_orc_monster_closet_entryway,
          ebering_ghost_xom
D:15:     grunt_enter_depths_magical_seal, layout_irregular_city,
          patterned_corridor, hangedman_decor_peaks_small, drop_trap,
          serial_park_tiny_pond, chequers_serial_rivers_micro_c, chequers_jeans
Temple:   nicolae_temple_slightly_damp_pantheon

Skill      XL: |  1  2  3  4  5  6  7  8  9 10 11 12 |
---------------+-------------------------------------+-----
Fighting       | 4 5 6 8 9 10 12 13 | 13.1
Armour         | 4 5 6 8 9 10 12 13 | 13.1
Axes           | 3 4 5 6 7 9 10 12 | 12.7
Shields        | 4 5 6 7 9 10 12 13 | 13.1

Action                     |  1- 3 |  4- 6 |  7- 9 | 10-12 || total
---------------------------+-------+-------+-------+-------++-------
  Melee: War axe           |    64 |   130 |   268 |   438 ||   900
         Headbutt          |     5 |    23 |    64 |    97 ||   189
 Invoke: Curse Item        |       |       |       |     2 ||     2
  Evoke: Wand              |       |       |       |    17 ||    17
    Use: Scroll            |     7 |     5 |     2 |     7 ||    21
         Potion            |       |       |       |     2 ||     2
   Stab: Confused          |       |       |       |     1 ||     1
 Armour: Scale mail        |    34 |    54 |    56 |       ||   144
         Plate armour      |       |       |    46 |   309 ||   355
  Dodge: Dodged            |    43 |    52 |   149 |   211 ||   455
  Block: Buckler           |    17 |    56 |   126 |   259 ||   458
         Reflection        |     1 |     3 |     6 |    28 ||    38

Table legend: (Time is in decaauts)
 A = Elapsed time spent in this place.
 B = Non-inter-level travel time spent in this place.
 C = Inter-level travel time spent in this place.
 D = Time resting spent in this place.
 E = Time spent auto-exploring this place.
 F = Levels seen in this place.
 G = Mean time per level.
                   A        B        C        D        E       F      G
               +--------+--------+--------+--------+--------+-----+--------+
         Total |   9194 |   8597 |    597 |    209 |   6197 |  14 |  656.7 |
       Dungeon |   9192 |   8595 |    597 |    209 |   6197 |  13 |  707.1 |
        Temple |      1 |      1 |      0 |      0 |      0 |   1 |    1.0 |
               +--------+--------+--------+--------+--------+-----+--------+

Top non-repeatable levels by time:
     D:9: 1123 daAuts
     D:8: 1097 daAuts
     D:3: 916 daAuts
     D:2: 836 daAuts
    D:11: 804 daAuts
     D:7: 790 daAuts
     D:1: 697 daAuts
     D:4: 674 daAuts
    D:10: 672 daAuts
     D:5: 647 daAuts
     D:6: 529 daAuts
    D:12: 322 daAuts
    D:15: 80 daAuts
  Temple: 1 daAuts
